Map: Lightshade LE

Players

Geralt (Gerald)

  • Race: Protoss Protoss
  • League: Grandmaster

HeroMarine - Winner!

  • Race: Terran Terran
  • League: Master

Event: DreamHack SC2 Masters 2021 Summer

VOD

Have the link to the VOD?

Description

Time

  • Played on: May 21, 2021, 10:15 a.m.
  • Length: 10:51

All games in this series

Show
View Real Time Build Order
Export as new Build Order

Geralt Protoss 

Build Orders: Blink Stalkers 

Get SALT Encoding   

  12  0:00  Probe  
  13  0:12  Probe  
  14  0:17  Pylon  
  14  0:24  Probe  
  15  0:35  Gateway  
  15  0:38  Probe (Chrono Boost)  
  16  0:48  Probe (Chrono Boost), Assimilator  
  17  0:53  Probe (Chrono Boost)  
  18  0:57  Pylon  
  18  1:04  Probe  
  18  1:06  Assimilator  
  19  1:16  Probe  
  20  1:26  Cybernetics Core  
  20  1:28  Probe  
  21  1:40  Probe  
  22  1:52  Probe  
  23  1:59  Adept (Chrono Boost)  
  23  2:04  Warp Gate  
  23  2:06  Probe  
  23  2:07  Shield Battery  
  25  2:12  Twilight Council  
  25  2:18  Probe  
  26  2:27  Nexus  
  26  2:30  Probe  
  27  2:38  Stalker  
  27  2:42  Probe  
  30  2:50  Pylon  
  30  2:55  Blink (Chrono Boost)  
  30  3:12  Probe  
  29  3:16  Stalker  
  31  3:21  Gateway  
  31  3:25  Gateway  
  31  3:28  Probe  
  32  3:37  Robotics Facility  
  32  3:40  Probe  
  31  3:51  Probe (Chrono Boost)  
  31  3:52  Probe (Chrono Boost)  
  32  4:00  Stalker  
  36  4:03  Probe x2 (Chrono Boost)  
  36  4:08  Probe (Chrono Boost)  
  36  4:09  Probe (Chrono Boost)  
  38  4:17  Stalker  
  38  4:18  Probe  
  38  4:21  Probe  
  42  4:25  Warp Prism (Chrono Boost)  
  42  4:30  Probe  
  45  4:34  Stalker  
  45  4:37  Probe  
  47  4:52  Stalker  
  47  4:53  Stalker  
  47  4:54  Probe  
  47  4:57  Observer  
  54  5:04  Pylon  
  53  5:08  Robotics Bay  
  53  5:14  Probe  
  54  5:22  Probe, Stalker x3  
  61  5:30  Probe  
  62  5:42  Assimilator  
  62  5:47  Pylon, Forge  
  62  5:48  Gateway  
  62  5:50  Gateway  
  62  5:55  Probe x2  
  62  6:01  Gateway  
  62  6:02  Pylon, Assimilator  
  62  6:07  Probe x2  
  62  6:09  Charge (Chrono Boost)  
  64  6:14  Pylon  
  64  6:18  Protoss Ground Armor Level 1 (Chrono Boost)  
  64  6:19  Probe x2  
  64  6:20  Zealot x2  
  64  6:22  Zealot  
  72  6:31  Probe x2  
  73  6:36  Templar Archives  
  73  6:45  Observer  
  74  6:51  Nexus  
  74  7:00  Zealot x3  
  78  7:09  Psionic Storm  
  78  7:10  Zealot x3  
  78  7:13  Shield Battery  
  80  7:19  Probe  
  80  7:22  Pylon  
  81  7:23  High Templar x2  
  81  7:29  Pylon  
  85  7:33  Probe  
  86  7:39  Pylon  
  84  7:46  Zealot  
  85  7:52  High Templar x2, Pylon x2  
  85  7:55  Zealot  
  91  7:59  Probe, Pylon  
  91  8:03  Observer  
  92  8:06  High Templar, Zealot  
  92  8:07  Zealot  
  92  8:08  Nexus  
  92  8:10  Pylon  
  98  8:14  Observer, Protoss Ground Weapons Level 1 (Chrono Boost)  
  98  8:18  Zealot  
  98  8:19  Probe  
  101  8:26  Observer  
  101  8:32  High Templar  
  101  8:33  High Templar, Zealot x2  
  109  8:38  Archon  
  109  8:45  Probe  
  109  8:46  Probe, Gateway  
  109  8:47  Gateway  
  111  8:51  Zealot  
  113  8:57  Probe  
  113  8:58  Probe  
  115  9:03  Zealot x3  
  115  9:09  Probe  
  122  9:11  Probe  
  109  9:27  Zealot x6  
  109  9:30  Observer  
  107  9:39  Probe  
  107  9:41  Robotics Bay  
  107  9:42  Probe x2, High Templar x2  
  114  9:49  Assimilator  
  114  9:51  Probe  
  115  9:52  Assimilator  
  115  9:54  Probe x2  
  115  9:58  Zealot x5  
  127  10:06  Shield Battery  
  126  10:11  Zealot, Immortal (Chrono Boost)  
  128  10:19  Zealot x2  
  104  10:41  Archon  
  104  10:42  Archon  
  87  10:43  Zealot x8  
Show
View Real Time Build Order
Export as new Build Order

HeroMarine Terran - Winner!

Build Orders: Reaper Expand 

Get SALT Encoding   

  12  0:00  SCV  
  13  0:12  SCV  
  14  0:17  Supply Depot  
  14  0:24  SCV  
  15  0:39  SCV, Barracks  
  16  0:43  Refinery  
  16  0:51  SCV  
  17  1:03  SCV  
  18  1:15  SCV  
  19  1:27  Reaper, Orbital Command  
  20  1:45  Command Center  
  20  1:51  Supply Depot  
  20  1:52  SCV  
  21  1:59  Marine  
  22  2:05  SCV  
  22  2:07  Factory  
  23  2:17  SCV  
  23  2:18  Bunker  
  23  2:19  Barracks Reactor  
  24  2:28  Refinery  
  24  2:29  SCV  
  25  2:41  SCV  
  25  2:52  Hellion  
  25  2:53  SCV  
  25  2:55  Marine x2  
  25  2:57  Starport  
  30  3:05  SCV  
  29  3:13  Orbital Command, Marine  
  29  3:14  Marine  
  29  3:17  Widow Mine, SCV  
  34  3:29  SCV  
  34  3:31  Marine x2  
  34  3:33  Medivac  
  39  3:38  Widow Mine  
  41  3:41  SCV  
  41  3:42  SCV  
  43  3:53  SCV  
  43  3:54  SCV  
  45  3:58  Supply Depot  
  45  4:01  Factory Tech Lab  
  43  4:04  Barracks  
  43  4:05  SCV  
  43  4:06  Starport Tech Lab, SCV  
  43  4:08  Marine x2  
  46  4:19  Barracks  
  46  4:20  SCV x2  
  46  4:21  Supply Depot  
  48  4:24  Raven  
  48  4:26  Marine x2  
  52  4:31  Engineering Bay  
  52  4:32  SCV  
  52  4:34  SCV  
  54  4:43  Refinery  
  54  4:45  SCV  
  55  4:46  SCV  
  55  4:48  Marine x2  
  58  4:57  SCV  
  58  4:58  SCV  
  58  4:59  Stimpack  
  60  5:00  Marauder  
  60  5:02  Terran Infantry Weapons Level 1  
  60  5:07  Marine x2, Supply Depot  
  62  5:11  SCV x2  
  66  5:15  Supply Depot  
  67  5:21  Refinery  
  67  5:22  Marauder x2  
  67  5:27  SCV x2  
  70  5:30  Marine x2  
  70  5:32  Starport Reactor  
  72  5:37  Factory Reactor  
  72  5:38  Combat Shield  
  72  5:39  SCV x2  
  74  5:45  Marauder x2  
  74  5:48  Supply Depot  
  78  5:50  Marine  
  78  5:53  SCV x2  
  79  6:00  Factory Tech Lab  
  79  6:05  Supply Depot  
  79  6:07  Marauder, Marine  
  79  6:08  Marine  
  79  6:09  Medivac  
  79  6:10  Medivac  
  87  6:13  Supply Depot  
  87  6:15  Marauder  
  89  6:20  Supply Depot  
  89  6:25  Marine x2  
  89  6:28  SCV x2  
  89  6:30  Marauder  
  95  6:35  Siege Tank  
  95  6:36  Marauder  
  100  6:41  Medivac x2  
  100  6:46  Marine x2  
  102  6:54  Marauder  
  102  6:57  Concussive Shells  
  102  6:58  Marauder  
  106  7:04  Marine x2  
  106  7:07  Command Center  
  107  7:10  SCV x2  
  108  7:16  Marauder  
  108  7:19  Marauder  
  108  7:22  Marine x2  
  117  7:29  Medivac x2  
  121  7:30  Supply Depot  
  121  7:34  Supply Depot  
  121  7:37  Marauder  
  121  7:40  Marine x2  
  125  7:45  SCV  
  125  7:48  SCV  
  124  7:52  Terran Infantry Armor Level 1  
  124  7:53  Factory Reactor  
  124  7:56  Barracks  
  124  7:58  Barracks  
  124  8:03  Viking x2  
  129  8:07  Ghost Academy  
  129  8:08  SCV  
  129  8:10  SCV  
  130  8:21  SCV  
  130  8:23  SCV, Marauder x2  
  136  8:29  Armory, Supply Depot  
  136  8:31  Marine  
  136  8:32  Marine  
  136  8:33  SCV  
  138  8:35  SCV  
  138  8:38  Widow Mine x2  
  138  8:40  Orbital Command  
  143  8:45  SCV  
  143  8:47  SCV  
  145  8:50  Ghost x2  
  145  8:52  Barracks Reactor  
  145  8:54  Marine x2  
  150  8:56  Ghost  
  151  9:03  Enhanced Shockwaves  
  151  9:07  Refinery  
  151  9:08  Refinery, SCV x3  
  154  9:16  Marine  
  155  9:19  Marauder x2  
  155  9:20  SCV  
  155  9:21  SCV  
  155  9:22  SCV  
  147  9:27  Marauder  
  147  9:29  Marine  
  147  9:30  Marine x2  
  147  9:39  Viking x2  
  147  9:40  Widow Mine x2  
  155  9:53  Marauder  
  155  9:54  Marauder x2, Marine x3  
  164  10:00  Marine  
  164  10:04  Bunker, Supply Depot  
  165  10:08  Supply Depot  
  165  10:25  Marine x3  
  165  10:26  Marauder x3, Marine  
  165  10:27  Widow Mine  
Tags
 
Add a new tag
Caveats
  • Supply blocks, unpowered buildings, or Contaminate may cause inaccurate times.
  • Supply counts are checked every 10 seconds.